 Dungeon Crawl Stone Soup version 0.27.1-3-gb3d3a73c9e (webtiles) character file.

Game seed: 5996763830889558459

604 horus123 the Chopper (level 7, -9/54 HPs)
             Began as a Human Fighter on Oct 16, 2021.
             Killed by divine providence
             ... invoked by an orc priest
              (14 damage)
             ... on level 4 of the Dungeon.
             The game lasted 00:07:18 (3732 turns).

horus123 the Chopper (Human Fighter)                Turns: 3732, Time: 00:07:18

Health: -9/54      AC: 11    Str: 18    XL:     7   Next: 70%
Magic:  7/7        EV:  5    Int:  9    God:
Gold:   268        SH: 10    Dex: 10    Spells: 6/6 levels left

rFire    . . .     SeeInvis .   a - +1 war axe
rCold    . . .     Faith    .   c - +1 kite shield
rNeg     + . .     Spirit   .   q - +0 chain mail
rPois    +         Reflect  .   u - +1 helmet "Zuuptaomn" {Regen+ rCorr Dex-2 Stlth+}
rElec    .         Harm     .   (no cloak)
rCorr    +         Rampage  .   (no gloves)
Will     .....                  (no boots)
Stlth    ..........             (no amulet)
HPRegen  1.18/turn              g - ring of positive energy
MPRegen  0.10/turn              j - ring of poison resistance

@: mighty
A: no striking features
a: no special abilities


You were on level 4 of the Dungeon.
You visited 1 branch of the dungeon, and saw 4 of its levels.

You collected 268 gold pieces.

Inventory:

Hand Weapons
 a - a +1 war axe (weapon)
Missiles
 l - 6 javelins (quivered)
Armour
 b - a +0 scale mail
 c - a +1 kite shield (worn)
 o - a +0 helmet
 q - a +0 chain mail (worn)
 u - the +1 helmet "Zuuptaomn" (worn) {Regen+ rCorr Dex-2 Stlth+}
   (You found it on level 4 of the Dungeon)

   Dex:       It affects your dexterity (-2).
   Regen:     It increases your rate of health regeneration.
   rCorr:     It protects you from acid and corrosion.
   Stlth:     It makes you more stealthy.
Jewellery
 g - a ring of positive energy (left hand)
 j - a ring of poison resistance (right hand)
 t - a ring of positive energy
Wands
 k - a wand of polymorph (4)
Scrolls
 f - 2 scrolls of amnesia
 p - a scroll of fear
 r - a scroll of blinking
 v - 3 scrolls of identify
Potions
 e - 3 potions of attraction
 h - 2 potions of lignification
 i - a potion of haste {unknown}
 m - a potion of heal wounds {unknown}
 n - 2 potions of curing {unknown}


   Skills:
 + Level 4.0 Fighting
 + Level 5.5 Axes
 + Level 4.4 Armour
 + Level 1.1 Dodging
 + Level 0.5 Stealth
 + Level 4.4 Shields
 + Level 0.1 Unarmed Combat


You had 6 spell levels left.
You didn't know any spells.
Your spell library was empty.

Dungeon Overview and Level Annotations

Branches:
Dungeon (4/15)
 Temple: D:4-7

Altars:
Hepliaklqana

Shops:
D:3 =


Message History

The ogre is heavily wounded.
The ogre hits you with a +0 giant spiked club!
* * * LOW HITPOINT WARNING * * *
You slice the ogre!!
You kill the ogre!
Your Fighting skill increases to level 4!
You hit the gnoll.
The gnoll is heavily wounded.
The gnoll hits you but does no damage. x2
Your shield and chain mail prevent you from hitting the gnoll.
The gnoll is heavily wounded.
The gnoll hits you with a +0 flail.
* * * LOW HITPOINT WARNING * * *
You barely miss the gnoll.
The gnoll is moderately wounded.
The gnoll hits you but does no damage. You block the gnoll's attack.
You hit the gnoll.
The gnoll is heavily wounded.
You block the gnoll's attack.
You closely miss the gnoll.
The gnoll is heavily wounded.
You block the gnoll's attack. The gnoll hits you with a +0 flail.
* * * LOW HITPOINT WARNING * * *
Your shield and chain mail prevent you from hitting the gnoll.
The gnoll is heavily wounded.
The gnoll hits you with a +0 flail!
* * * LOW HITPOINT WARNING * * *
The orc priest looks encouraged for a moment.
You slash the gnoll!
You kill the gnoll!
Your shield and chain mail prevent you from hitting the gnoll.
The gnoll barely misses you.
The orc wizard casts a spell.
The orc wizard flickers and vanishes!
The gnoll hits you with a +0 club.
* * * LOW HITPOINT WARNING * * *
You slash the gnoll!
You kill the gnoll!
The orc priest invokes the aid of Beogh against you.
Beogh smites you!
You die...

#............##
#....รท........#
#.............##
#..............##
#...............#
#........)#..#..#
.........##o{##..#
#.........###)#
..# #........##
#@# ..# #######
#$# .# #.. . #..#
##.# .# .# ..


You could see an orc priest.

Vanquished Creatures
  An ogre (D:4)
  A phantom (D:4)
  A water moccasin skeleton (D:4)
  2 howler monkeys (D:4)
  A bullfrog skeleton (D:4)
  Terence (D:2)
  An iguana (D:4)
  An orc wizard (D:4)
  9 adders
  5 gnolls (D:4)
  A white imp (D:4)
  An adder skeleton (D:4)
  3 dart slugs
  6 orcs (D:4)
  5 endoplasms
  4 giant cockroaches
  5 goblins
  8 hobgoblins
  13 jackals (D:4)
  3 quokkas
  7 ball pythons
  3 bats
  2 frilled lizards
  4 kobolds
  A rat (D:2)
89 creatures vanquished.

Vanquished Creatures (others)
  A plant (D:4)
1 creature vanquished.

Grand Total: 90 creatures vanquished

Notes
Turn   | Place    | Note
-------+----------+-------------------------------------------
     0 | D:1      | horus123 the Human Fighter began the quest for the Orb.
     0 | D:1      | Reached XP level 1. HP: 18/18 MP: 1/1
   386 | D:1      | Reached XP level 2. HP: 24/24 MP: 2/2
   940 | D:2      | Reached XP level 3. HP: 20/29 MP: 3/3
  1412 | D:2      | Found a hazy altar of Hepliaklqana.
  1422 | D:2      | Reached XP level 4. HP: 35/35 MP: 4/4
  1545 | D:2      | Noticed Terence
  1563 | D:2      | Killed Terence
  1564 | D:2      | Reached skill level 3 in Axes
  1960 | D:3      | Found Xaomn's Jewellery Shoppe.
  1992 | D:3      | Reached XP level 5. HP: 22/41 MP: 5/5
  2669 | D:4      | Reached skill level 4 in Axes
  2669 | D:4      | Reached XP level 6. HP: 5/47 MP: 6/6
  3220 | D:4      | Identified the +1 helmet "Zuuptaomn" {Regen+ rCorr Dex-2
                  | Stlth+}
  3473 | D:4      | Reached XP level 7. HP: 52/53 MP: 7/7
  3497 | D:4      | Reached skill level 5 in Axes
  3634 | D:4      | Reached skill level 1 in Dodging
  3732 | D:4      | Killed from afar by an orc priest

Illustrated notes

Levels and vault maps discovered:
D:1:      minmay_arrival_plants_in_alcoves, layout_loops_ring,
          roderic_roman_lattice, minmay_misc_feat_secret_circle, minivault_14,
          kennysheep_nondescript
D:2:      layout_loops_ring, basic_altar, corexii_item_surrounded_by_moat,
          uniq_terence
D:3:      layout_loops_ring, serial_shops, nicolae_shop_crystal, fountainhead,
          st_stairs_8
D:4:      lemuel_castle_with_subvaults [lemuel_castle_interior_carwin_2],
          layout_cave_pods

Skill      XL: |  1  2  3  4  5  6  7 |
---------------+----------------------+-----
Axes           | 3 4 5 |  5.5
Armour         | 4 |  4.4
Shields        | 4 |  4.4
Dodging        | 1 |  1.1
Fighting       | 4 |  4.0
Stealth        | |  0.5
Unarmed Combat | |  0.1

Action                   |  1- 3 |  4- 6 |  7- 9 || total
-------------------------+-------+-------+-------++-------
Melee: War axe           |    67 |   182 |    63 ||   312
       Unarmed           |       |    14 |       ||    14
  Use: Scroll            |     8 |     2 |       ||    10
       Potion            |       |       |     1 ||     1
Armor: Scale mail        |    30 |    49 |       ||    79
       Chain mail        |       |    56 |    51 ||   107
Dodge: Dodged            |    28 |    56 |    22 ||   106
Block: Kite shield       |    28 |    92 |    60 ||   180
